 Dungeon Sprint DCSS version 0.31-a0-960-g0fca184906 (webtiles) character file.

Game seed: 11563704034385983360

9532 sircluck the Brawler (level 11, -30/192 HPs)
             Began as a Troll Berserker on Oct 23, 2023.
             Was the Champion of Trog.
             Annihilated by an Ice Fiend (35 damage)
             ... in the Dungeon (Sprint VII: "The Pits").
             The game lasted 00:03:30 (1088 turns).

sircluck the Brawler (Troll Berserker)              Turns: 1088, Time: 00:03:30

Health: -30/192    AC:  4    Str: 31    XL:     11   Next: 24%
Magic:  10/10      EV: 16    Int:  3    God:    Trog [******]
Gold:   0          SH:  0    Dex:  9    Spells: 10/10 levels left

rFire   . .          .
                       - Unarmed
rCold   . . .        (no shield)
rNeg    . . .        a - +0 animal skin
rPois   .            (helmet restricted)
rElec   .            (no cloak)
rCorr   .            (gloves unavailable)
SInv    .            (boots unavailable)
Will    .....        (no amulet) Stlth
                     m - +3 ring of evasion
HPRegen 1.32/turn    (no ring)
MPRegen 0.12/turn

%: no teleportation
@: berserking (expiring), very quick
A: large, unfitting armour, claws 3, regeneration 1, shaggy fur 1, tough skin 1
a: Renounce Religion, Berserk, Trog's Hand, Brothers in Arms


You were in the Dungeon.
You worshipped Trog.
Trog was exalted by your worship.
You visited 1 branch

Inventory:

Armour
 a - a +0 animal skin (worn)
Jewellery
 k - a +3 ring of intelligence
 m - a +3 ring of evasion (left claw)
Scrolls
 g - a scroll of blinking
 i - 2 scrolls of vulnerability
 j - a scroll of butterflies
Potions
 b - 7 potions of curing
 c - 12 potions of heal wounds
 d - a potion of haste
 e - 4 potions of magic
 f - 3 potions of berserk rage
 h - 2 potions of invisibility
 l - a potion of might
 n - a potion of mutation


   Skills:
 + Level 13.9 Fighting
 + Level 3.5 Armour
 + Level 13.7 Dodging
 + Level 16.1 Unarmed Combat


You had 10 spell levels left.
You didn't know any spells.
Your spell library was empty.

Dungeon Overview and Level Annotations

Branches:
Dungeon (1/1)

Altars:
Ashenzari
Cheibriados
Dithmenos
Elyvilon
Fedhas
Gozag
Hepliaklqana
Kikubaaqudgha
Makhleb
Nemelex Xobeh
Okawaru
Qazlal
Ru
Sif Muna
Trog
Uskayaw
Vehumet
Wu Jian
Xom
Yredelemnul
Zin
The Shining One
Jiyva
Lugonu


Innate Abilities, Weirdness & Mutations

You are too large for most types of armour.
You have claws for hands.
Your natural rate of healing is unusually fast.
You are covered in fur. (AC +1)
You have tough skin. (AC +1)


Message History

You are no longer corroded.
You start resting.
HP restored.
You start waiting.
You feel yourself speed up.
You start waiting.
You recover from your berserk rage.
You open the large door.
An Ice Fiend comes into view.
The Ice Fiend roars!
The Ice Fiend gestures at you. The bolt of cold hits you!!
Unknown command.
Unknown command.
A red film seems to cover your vision as you go berserk!
You feel yourself moving faster!
You feel mighty! The Ice Fiend gestures at you. The bolt of cold misses you.
You feel a strong urge to attack something.
There is a large open door to the Hallway of Sentries (Extremely Hard) here.
The Ice Fiend claws you!! The Ice Fiend freezes you!!!
The Ice Fiend claws you!!
* * * LOW HITPOINT WARNING * * *
The Ice Fiend freezes you!!!
* * * LOW HITPOINT WARNING * * *
There is a large open door to the Hallway of Sentries (Extremely Hard), spattered with blood here.
You barely miss the Ice Fiend. You scratch the Ice Fiend.
The Ice Fiend is lightly wounded.
The Ice Fiend gestures at you. The bolt of cold misses you.
You mangle the Ice Fiend!!
The Ice Fiend is moderately wounded.
Unknown command.
You eviscerate the Ice Fiend!!!
The Ice Fiend is severely wounded.
The Ice Fiend barely misses you. The Ice Fiend claws you.
* * * LOW HITPOINT WARNING * * *
The Ice Fiend freezes you!!
You die...

#+# #1# #@#
################'#
.................#
..............†..#
+##############..#
#..# #..# #..#
#..#


You could see an Ice Fiend.

Vanquished Creatures
  A fire dragon (D)
  A great orb of eyes (D)
  A hell hog (D)
  A shadow wraith (D)
  A phantasmal warrior (D)
  A manticore (D)
  A black mamba (D)
  A cane toad (D)
  A rime drake (D)
  A freezing wraith (D)
  An ice devil (D)
  A troll (D)
  A hellwing (D)
  4 yaks (D)
  A basilisk (D)
  A wraith (D)
  An acid dragon (D)
  A black bear (D)
  A centaur (D)
  4 wolves (D)
  A gnoll bouda (D)
  2 mummies (D)
  An adder (D)
  3 river rats (D)
  A bat (D)
  A bat zombie (D)
  An endoplasm (D)
  2 quokkas (D)
  A ball python (D)
  2 ball python skeletons (D)
  2 kobolds (D)
  A rat (D)
44 creatures vanquished.

Vanquished Creatures (collateral kills)
  3 hell hogs (D)
  An efreet (D)
  5 dream sheep (D)
  A warg (D)
  A gnoll sergeant (D)
  3 gnolls (D)
14 creatures vanquished.

Vanquished Creatures (others)
  A gnoll (D)
1 creature vanquished.

Grand Total: 59 creatures vanquished

Notes
Turn   | Place    | Note
-------+----------+-------------------------------------------
     0 | D        | sircluck the Troll Berserker began the quest for the Orb.
     0 | D        | Reached XP level 1. HP: 22/22 MP: 0/0
    23 | D        | Found a bloodstained altar of Trog.
    23 | D        | Found a shimmering blue altar of Sif Muna.
    23 | D        | Found a viscous altar of Jiyva.
    23 | D        | Found a hazy altar of Hepliaklqana.
    23 | D        | Found an opulent altar of Gozag.
    24 | D        | Found a glowing golden altar of the Shining One.
    24 | D        | Found a glowing silver altar of Zin.
    24 | D        | Found a basalt altar of Yredelemnul.
    24 | D        | Found a shimmering altar of Xom.
    24 | D        | Found an ornate altar of the Wu Jian Council.
    24 | D        | Found a sacrificial altar of Ru.
    24 | D        | Found a stormy altar of Qazlal.
    24 | D        | Found an iron altar of Okawaru.
    24 | D        | Found a sparkling altar of Nemelex Xobeh.
    24 | D        | Found a burning altar of Makhleb.
    24 | D        | Found a blossoming altar of Fedhas.
    24 | D        | Found a white marble altar of Elyvilon.
    24 | D        | Found a shadowy altar of Dithmenos.
    24 | D        | Found a snail-covered altar of Cheibriados.
    28 | D        | Found a corrupted altar of Lugonu.
    28 | D        | Found a radiant altar of Vehumet.
    29 | D        | Found a broken altar of Ashenzari.
    29 | D        | Found an ancient bone altar of Kikubaaqudgha.
    29 | D        | Found a hide-covered altar of Uskayaw.
    70 | D        | Reached ** piety under Trog
    77 | D        | Reached XP level 2. HP: 31/31 MP: 1/1
    79 | D        | Reached skill level 4 in Unarmed Combat
    90 | D        | Reached *** piety under Trog
   103 | D        | Reached XP level 3. HP: 28/39 MP: 2/2
   156 | D        | Noticed a centaur
   174 | D        | Killed a centaur
   175 | D        | Reached skill level 5 in Fighting
   175 | D        | Reached skill level 5 in Dodging
   175 | D        | Reached skill level 6 in Unarmed Combat
   175 | D        | Reached XP level 4. HP: 46/50 MP: 3/3
   175 | D        | Reached **** piety under Trog
   185 | D        | Noticed a black bear
   192 | D        | Killed a black bear
   193 | D        | Reached skill level 7 in Unarmed Combat
   193 | D        | Reached XP level 5. HP: 53/59 MP: 4/4
   221 | D        | Noticed a wraith
   230 | D        | HP: 2/59 [wraith (12)]
   233 | D        | Killed a wraith
   233 | D        | Reached ***** piety under Trog
   234 | D        | Reached skill level 8 in Unarmed Combat
   234 | D        | Reached XP level 6. HP: 8/71 MP: 5/5
   304 | D        | Noticed a hell hog
   304 | D        | Noticed a hell hog
   304 | D        | Noticed a hell hog
   304 | D        | Noticed a dream sheep
   304 | D        | Noticed a dream sheep
   304 | D        | Noticed a dream sheep
   304 | D        | Noticed a dream sheep
   304 | D        | Noticed a dream sheep
   319 | D        | Noticed a hell hog
   320 | D        | Killed a hell hog
   321 | D        | Reached skill level 10 in Unarmed Combat
   321 | D        | Reached XP level 7. HP: 83/83 MP: 6/6
   321 | D        | Killed a dream sheep
   322 | D        | Reached XP level 8. HP: 92/92 MP: 7/7
   323 | D        | Killed a hell hog
   324 | D        | Reached skill level 10 in Fighting
   324 | D        | Reached skill level 10 in Dodging
   324 | D        | Reached skill level 11 in Unarmed Combat
   324 | D        | Killed a dream sheep
   324 | D        | Received a gift from Trog
   325 | D        | Reached skill level 12 in Unarmed Combat
   325 | D        | Killed a hell hog
   326 | D        | Reached XP level 9. HP: 62/102 MP: 8/8
   328 | D        | Killed a hell hog
   329 | D        | Reached skill level 13 in Unarmed Combat
   502 | D        | Noticed an efreet
   502 | D        | Noticed a black mamba
   508 | D        | Killed a black mamba
   509 | D        | Reached XP level 10. HP: 58/115 MP: 9/9
   510 | D        | Received a gift from Trog
   511 | D        | Reached skill level 14 in Unarmed Combat
   605 | D        | Received a gift from Trog
   703 | D        | Noticed a phantasmal warrior
   708 | D        | Killed a phantasmal warrior
   711 | D        | Reached ****** piety under Trog
   720 | D        | Reached skill level 15 in Unarmed Combat
   735 | D        | Noticed a cane toad
   735 | D        | Noticed a fire dragon
   748 | D        | Killed a fire dragon
   751 | D        | Killed a cane toad
   896 | D        | Noticed a great orb of eyes
   906 | D        | Reached skill level 1 in Armour
   912 | D        | Killed a great orb of eyes
   913 | D        | Reached XP level 11. HP: 93/127 MP: 10/10
   955 | D        | Killed a shadow wraith
   956 | D        | Reached skill level 16 in Unarmed Combat
  1081 | D        | Noticed an Ice Fiend
  1084 | D        | HP: 6/192 [Ice Fiend (51)]
  1088 | D        | Annihilated by an Ice Fiend

Illustrated notes

Levels and vault maps discovered:
D:        pitsprint [storerooms_1, entrance_room_1, metal_vault_2, armoury_1,
          mini_pit_1, grid_room_1, main_hall_1, silver_pit, the_coven_3,
          the_vestibule_1, steel_vault_5, golden_pit, hallway_of_sentries,
          crystal_vault_3, iron_vault_4, final_vault]

Skill      XL: |  1  2  3  4  5  6  7  8  9 10 11 |
---------------+----------------------------------+-----
Fighting       | 3 5 6 7 9 10 12 13 | 13.9
Dodging        | 3 5 6 7 8 9 10 11 13 | 13.7
Unarmed Combat | 4 6 7 8 10 12 13 15 16 | 16.1
Armour         | 2 3 |  3.5

Action                     |  1- 3 |  4- 6 |  7- 9 | 10-12 || total
---------------------------+-------+-------+-------+-------++-------
  Melee: Unarmed           |    27 |    33 |    10 |    93 ||   163
         Punch             |       |     1 |     1 |     4 ||     6
 Invoke: Brothers in Arms  |       |     1 |     1 |       ||     2
         Berserk           |       |       |       |     3 ||     3
    Use: Potion            |       |       |       |     4 ||     4
   Stab: Confused          |       |       |       |     1 ||     1
 Armour: Animal skin       |    20 |    17 |    10 |    56 ||   103
         Skin              |       |       |       |     7 ||     7
  Dodge: Dodged            |    18 |    16 |     6 |    75 ||   115

Table legend: (Time is in decaauts)
 A = Elapsed time spent in this place.
 B = Non-inter-level travel time spent in this place.
 C = Inter-level travel time spent in this place.
 D = Time resting spent in this place.
 E = Time spent auto-exploring this place.
 F = Levels seen in this place.
 G = Mean time per level.
                   A        B        C        D        E       F      G
               +--------+--------+--------+--------+--------+-----+--------+
         Total |   1090 |   1090 |      0 |    439 |    261 |   1 | 1090.0 |
       Dungeon |   1090 |   1090 |      0 |    439 |    261 |   1 | 1090.0 |
               +--------+--------+--------+--------+--------+-----+--------+

Top non-repeatable levels by time:
       D: 1090 daAuts
